Map: Ruins of Seras

Players

State - Winner!

  • Race: Protoss Protoss
  • League: Grandmaster

llllllllllll

  • Race: Terran Terran
  • League: Grandmaster

VOD

Have the link to the VOD?

Description

Time

  • Played on: Nov. 24, 2015, 10:08 p.m.
  • Length: 6:52
Show
View Real Time Build Order
Export as new Build Order

State Protoss - Winner!

Build Orders: 1 Gate Expand 

Get SALT Encoding   

  12  0:01  Probe (Chrono Boost)  
  13  0:11  Probe (Chrono Boost)  
  14  0:21  Pylon  
  14  0:23  Probe (Chrono Boost)  
  15  0:39  Probe (Chrono Boost)  
  15  0:41  Gateway  
  16  0:45  Assimilator  
  16  0:49  Probe (Chrono Boost)  
  17  1:00  Probe (Chrono Boost)  
  18  1:10  Probe (Chrono Boost)  
  19  1:22  Nexus  
  19  1:24  Probe (Chrono Boost)  
  20  1:35  Cybernetics Core  
  20  1:38  Probe (Chrono Boost)  
  21  1:45  Assimilator  
  21  1:49  Probe (Chrono Boost)  
  22  1:59  Pylon  
  22  2:00  Probe (Chrono Boost)  
  23  2:17  Adept  
  23  2:18  Mothership Core (Chrono Boost)  
  27  2:32  Robotics Facility  
  27  2:35  Probe (Chrono Boost)  
  27  2:36  Probe (Chrono Boost)  
  29  2:44  Adept (Chrono Boost)  
  29  2:45  Probe (Chrono Boost)  
  29  2:47  Probe (Chrono Boost), Warp Gate  
  32  2:54  Probe  
  32  2:58  Probe  
  34  3:04  Probe  
  34  3:10  Probe, Adept (Chrono Boost)  
  38  3:15  Probe  
  38  3:19  Warp Prism  
  39  3:22  Probe  
  39  3:25  Probe  
  42  3:31  Pylon  
  43  3:34  Probe  
  43  3:38  Adept (Chrono Boost)  
  46  3:44  Pylon  
  46  3:49  Probe  
  46  3:50  Probe  
  48  4:00  Probe (Chrono Boost)  
  48  4:02  Probe (Chrono Boost)  
  50  4:06  Observer  
  51  4:10  Twilight Council  
  51  4:11  Probe (Chrono Boost), Forge  
  51  4:12  Assimilator  
  51  4:14  Probe (Chrono Boost)  
  53  4:17  Assimilator  
  53  4:22  Probe (Chrono Boost)  
  55  4:24  Probe (Chrono Boost)  
  55  4:27  Observer  
  55  4:29  Gateway  
  55  4:30  Gateway  
  56  4:33  Probe (Chrono Boost)  
  56  4:34  Gateway  
  56  4:35  Probe (Chrono Boost)  
  58  4:38  Resonating Glaives  
  58  4:43  Probe (Chrono Boost)  
  59  4:47  Probe (Chrono Boost)  
  59  4:51  Protoss Ground Armor Level 1 (Chrono Boost)  
  60  4:53  Observer  
  60  4:54  Probe  
  62  5:14  Pylon x2  
  62  5:31  Nexus  
  62  5:32  Probe x2  
  62  5:35  Pylon  
  64  5:36  Pylon  
  64  5:39  Observer  
  65  5:44  Sentry x3, Probe x2, Adept  
  75  5:52  Gateway x2  
  75  5:56  Probe, Gateway  
  76  5:57  Probe  
  76  5:59  Gateway  
  77  6:08  Probe  
  77  6:09  Probe  
  79  6:13  Adept x4  
  87  6:20  Probe  
  89  6:28  Pylon  
  87  6:33  Adept  
  87  6:34  Adept x3  
Show
View Real Time Build Order
Export as new Build Order

llllllllllll Terran 

Build Orders: Command Center First (CC) 

Get SALT Encoding   

  12  0:00  SCV  
  13  0:13  SCV  
  14  0:18  Supply Depot  
  14  0:25  SCV  
  15  0:39  SCV  
  16  0:51  SCV  
  17  1:03  Command Center  
  17  1:06  SCV  
  18  1:16  Barracks  
  18  1:20  SCV  
  19  1:33  SCV, Barracks  
  20  1:43  Barracks  
  20  1:49  SCV  
  21  2:06  Orbital Command  
  21  2:11  Marine  
  21  2:14  Orbital Command  
  22  2:22  Marine  
  23  2:23  Refinery  
  23  2:28  Marine  
  23  2:29  Refinery  
  24  2:32  Marine  
  24  2:34  SCV  
  26  2:40  SCV  
  26  2:41  Marine  
  28  2:47  SCV  
  28  2:50  Marine  
  28  2:51  Marine  
  30  2:53  SCV  
  32  2:59  SCV  
  32  3:01  Supply Depot  
  32  3:03  Barracks Tech Lab  
  32  3:05  SCV  
  34  3:09  Marine x2  
  34  3:11  SCV  
  37  3:17  SCV  
  37  3:22  Stimpack, Marine  
  37  3:23  SCV  
  39  3:29  SCV, Marine  
  39  3:30  Marine  
  42  3:35  SCV  
  42  3:38  Factory  
  44  3:41  SCV  
  44  3:42  Marine  
  44  3:47  SCV  
  44  3:48  Barracks Reactor  
  46  3:53  Barracks Reactor  
  46  3:56  Supply Depot  
  46  4:08  Refinery  
  46  4:17  Engineering Bay  
  46  4:18  SCV x2, Marine  
  46  4:19  Supply Depot  
  49  4:24  Factory Reactor, Marine  
  49  4:25  Starport, Marine  
  49  4:30  SCV x2, Marine  
  54  4:34  Supply Depot  
  54  4:40  Marine  
  54  4:41  Marine  
  54  4:42  SCV x2, Marine  
  54  4:45  Marine  
  60  4:54  SCV, Marine  
  60  4:55  SCV  
  60  4:56  Terran Infantry Weapons Level 1, Supply Depot  
  60  4:59  Marine x2  
  65  5:00  Supply Depot  
  65  5:05  Orbital Command  
  65  5:06  SCV  
  63  5:11  Medivac x2  
  67  5:15  Supply Depot  
  67  5:19  SCV, Marine  
  67  5:29  Barracks Tech Lab  
  67  5:31  SCV  
  67  5:32  SCV  
  69  5:40  Command Center  
  69  5:41  Marine x3  
  72  5:47  Missile Turret x2  
  72  5:48  Marine  
  72  5:49  SCV x2  
  75  5:57  Concussive Shells  
  75  5:58  Marine  
  75  6:04  Marine x2  
  76  6:06  Marine  
  76  6:07  Medivac  
  76  6:11  SCV x2  
  75  6:16  Marine  
  72  6:20  Widow Mine x2  
  72  6:22  Marine x2  
  72  6:24  Marauder  
  75  6:32  SCV x2  
Tags
 
Add a new tag
Caveats
  • Supply blocks, unpowered buildings, or Contaminate may cause inaccurate times.
  • Supply counts are checked every 10 seconds.